MLB
WASHINGTON NATIONALS @ CINCINNATI REDS
03/17/2020
 
TOP OF THE 1ST
Washington Nationals batting - Pitching for Cincinnati Reds : LHP Blake Snell
Pitching: LHP Blake Snell
Batting: LHB Adam Eaton 0-0: Fly out, F6 (Line Drive, 6, EV 63.1 MPH)
Batting: LHB Andrew Benintendi 0-0: Bunt for hit to 3S - play at first, batter safe!
Batting: RHB Chris Taylor 0-0: Ball
1-0: Foul Ball, location: 2F
1-1: Called Strike
1-2: Ball
2-2: Foul Ball, location: 2F
2-2: Fly out, F5 (Line Drive, 5, EV 69.4 MPH)
Batting: LHB Mike Ford 0-0: Ball
1-0: Ball
2-0: Swinging Strike
2-1: Foul Ball, location: 2F
2-2: Ball
3-2: Foul Ball, location: 2F
3-2: Base on Balls
Andrew Benintendi to second
Batting: SHB Jed Lowrie 0-0: Ball
1-0: Ball
2-0: Ball
3-0: Base on Balls
Andrew Benintendi to third
Mike Ford to second
Batting: LHB Jackie Bradley Jr. 0-0: Foul Ball, location: 2F
0-1: Fly out, F9 (Flyball, 89XD, EV 98.1 MPH)
Top of the 1st over - 0 runs, 1 hit, 0 errors, 3 left on base; Washington 0 - Cincinnati 0
BOTTOM OF THE 1ST
Cincinnati Reds batting - Pitching for Washington Nationals : RHP Alex Reyes
Pitching: RHP Alex Reyes
Batting: RHB Trea Turner 0-0: Ball
1-0: Ball
2-0: Ball
3-0: Called Strike
3-1: Bunt for hit to 2R - play at first, batter safe!
Batting: LHB Robinson Cano 0-0: Sac Bunt to 13S - play at first, batter OUT! 1-3
Trea Turner to second
Batting: RHB Phillip Ervin 0-0: Swinging Strike
0-1: Called Strike
0-2: Ball
1-2: Ball
2-2: SINGLE (Groundball, 6MS, EV 73.1 MPH) (infield hit)
Trea Turner to third
Batting: LHB Joey Gallo 0-0: Called Strike
0-1: Ball
1-1: Ball
2-1: Ball
3-1: Swinging Strike
3-2: Base on Balls
Phillip Ervin to second
Batting: RHB Gio Urshela 0-0: Called Strike
0-1: Ball
1-1: Fielders Choice at 2nd, 3-6 (Groundball, 34, EV 106.9 MPH)
Trea Turner scores
Phillip Ervin to third
Batting: LHB Gregory Polanco 0-0: Ball
1-0: Swinging Strike
1-1: Ball
2-1: Foul Ball, location: 2F
2-2: Foul Ball, location: 2F
2-2: SINGLE (Line Drive, 9LS, EV 107.5 MPH)
Phillip Ervin scores
Gio Urshela to second
Batting: SHB Adalberto Mondesi 0-0: Fly out, F7 (Line Drive, 7, EV 98.8 MPH)
Bottom of the 1st over - 2 runs, 3 hits, 0 errors, 2 left on base; Washington 0 - Cincinnati 2
TOP OF THE 2ND
Washington Nationals batting - Pitching for Cincinnati Reds : LHP Blake Snell
Batting: RHB Austin Barnes 0-0: Called Strike
0-1: Foul Ball, location: 2F
0-2: Foul Ball, location: 2F
0-2: Foul Ball, location: 2F
0-2: Foul Ball, location: 2F
0-2: Ball
1-2: Foul Ball, location: 2F
1-2: Foul Ball, location: 2F
1-2: Ground out 2-3 (Groundball, 13S, EV 75.6 MPH)
Batting: RHB Adeiny Hechavarria 0-0: Called Strike
0-1: Ball
1-1: Ball
2-1: Ball
3-1: Called Strike
3-2: Strikes out swinging
Batting: RHB Alex Reyes 0-0: Ball
1-0: Swinging Strike
1-1: Called Strike
1-2: Strikes out swinging
Top of the 2nd over - 0 runs, 0 hits, 0 errors, 0 left on base; Washington 0 - Cincinnati 2
BOTTOM OF THE 2ND
Cincinnati Reds batting - Pitching for Washington Nationals : RHP Alex Reyes
Batting: LHB Tony Wolters 0-0: Ball
1-0: Ball
2-0: Called Strike
2-1: Ball
3-1: Base on Balls
Batting: LHB Blake Snell 0-0: Ball
1-0: Sac Bunt to 25 - play at second, runner OUT! 5-6
Batting: RHB Trea Turner 0-0: 2-RUN HOME RUN (Flyball, 7LD, EV 90.6 MPH), Distance : 368 ft
Batting: LHB Robinson Cano 0-0: Ball
1-0: Called Strike
1-1: Called Strike
1-2: Ball
2-2: Fly out, F8 (Line Drive, 8LD, EV 88.8 MPH)
Batting: RHB Phillip Ervin 0-0: Ground out 3-1 (Groundball, 34, EV 99.4 MPH)
Bottom of the 2nd over - 2 runs, 1 hit, 0 errors, 0 left on base; Washington 0 - Cincinnati 4
TOP OF THE 3RD
Washington Nationals batting - Pitching for Cincinnati Reds : LHP Blake Snell
Batting: LHB Adam Eaton 0-0: Ball
1-0: Ground out U3 (Groundball, 3, EV 101.3 MPH)
Batting: LHB Andrew Benintendi 0-0: Ground out 6-3 (Groundball, 6, EV 83.8 MPH)
Batting: RHB Chris Taylor 0-0: Called Strike
0-1: Ball
1-1: Ball
2-1: Called Strike
2-2: Strikes out swinging
Top of the 3rd over - 0 runs, 0 hits, 0 errors, 0 left on base; Washington 0 - Cincinnati 4
BOTTOM OF THE 3RD
Cincinnati Reds batting - Pitching for Washington Nationals : RHP Alex Reyes
Batting: LHB Joey Gallo 0-0: Swinging Strike
0-1: Ball
1-1: Fly out, F9 (Line Drive, 9, EV 93.8 MPH)
Batting: RHB Gio Urshela 0-0: Fly out, F8 (Flyball, 89M, EV 91.3 MPH)
Batting: LHB Gregory Polanco 0-0: Ball
1-0: Ball
2-0: Ball
3-0: Called Strike
3-1: Base on Balls
Batting: SHB Adalberto Mondesi 0-0: Fly out, F8 (Flyball, 78D, EV 88.1 MPH)
Bottom of the 3rd over - 0 runs, 0 hits, 0 errors, 1 left on base; Washington 0 - Cincinnati 4
TOP OF THE 4TH
Washington Nationals batting - Pitching for Cincinnati Reds : LHP Blake Snell
Batting: LHB Mike Ford 0-0: Called Strike
0-1: Foul Ball, location: 2F
0-2: Ball
1-2: Foul Ball, location: 2F
1-2: SINGLE (Groundball, 6MD, EV 96.9 MPH)
Batting: SHB Jed Lowrie 0-0: Called Strike
0-1: Ball
1-1: Ball
2-1: Foul Ball, location: 2F
2-2: Fly out, F7 (Line Drive, 7, EV 91.3 MPH)
Batting: LHB Jackie Bradley Jr. 0-0: Called Strike
0-1: Called Strike
0-2: Fly out, F7 (Line Drive, 7S, EV 88.1 MPH)
Batting: RHB Austin Barnes 0-0: Foul Ball, location: 2F
0-1: Ball
1-1: Fly out, F9 (Flyball, 89S, EV 88.1 MPH)
Top of the 4th over - 0 runs, 1 hit, 0 errors, 1 left on base; Washington 0 - Cincinnati 4
BOTTOM OF THE 4TH
Cincinnati Reds batting - Pitching for Washington Nationals : RHP Alex Reyes
Batting: LHB Tony Wolters 0-0: Ball
1-0: Foul Ball, location: 2F
1-1: Swinging Strike
1-2: Fly out, F8 (Flyball, 8LXD, EV 87.5 MPH)
Pinch Hitting: RHB Kevin Newman 0-0: Foul Ball, location: 2F
0-1: Ball
1-1: Ball
2-1: Ball
3-1: Ground out 4-3 (Groundball, 4, EV 101.3 MPH)
Batting: RHB Trea Turner 0-0: Fly out, F7 (Line Drive, 7, EV 105.6 MPH)
Bottom of the 4th over - 0 runs, 0 hits, 0 errors, 0 left on base; Washington 0 - Cincinnati 4
TOP OF THE 5TH
Washington Nationals batting - Pitching for Cincinnati Reds : LHP Blake Snell
Pitching: LHP Drew Smyly
Batting: RHB Adeiny Hechavarria 0-0: Ball
1-0: Ball
2-0: Swinging Strike
2-1: Ball
3-1: Called Strike
3-2: Ground out 4-3 (Groundball, 4, EV 83.1 MPH)
Pinch Hitting: LHB Yonder Alonso 0-0: Called Strike
0-1: Ball
1-1: SINGLE (Line Drive, 8RS, EV 100.0 MPH)
Batting: LHB Adam Eaton 0-0: Called Strike
0-1: Ball
1-1: Foul Ball, location: 2F
1-2: Ground out 5-3 (Groundball, 56, EV 76.9 MPH)
Yonder Alonso to second
Batting: LHB Andrew Benintendi 0-0: Called Strike
0-1: Ball
1-1: Ball
2-1: Foul Ball, location: 2F
2-2: Strikes out swinging
Top of the 5th over - 0 runs, 1 hit, 0 errors, 1 left on base; Washington 0 - Cincinnati 4
BOTTOM OF THE 5TH
Cincinnati Reds batting - Pitching for Washington Nationals : RHP Alex Reyes
Pitching: RHP Mitchell White
Batting: LHB Robinson Cano 0-0: Called Strike
0-1: Foul Ball, location: 2F
0-2: Ground out 5-3 (Groundball, 56S, EV 83.1 MPH)
Batting: RHB Phillip Ervin 0-0: Ground out 6-3 (Groundball, 56, EV 107.5 MPH)
Batting: LHB Joey Gallo 0-0: Ball
1-0: Called Strike
1-1: Called Strike
1-2: Foul Ball, location: 2F
1-2: Foul Ball, location: 2F
1-2: Fly out, F8 (Flyball, 8RS, EV 71.9 MPH)
Bottom of the 5th over - 0 runs, 0 hits, 0 errors, 0 left on base; Washington 0 - Cincinnati 4
TOP OF THE 6TH
Washington Nationals batting - Pitching for Cincinnati Reds : LHP Drew Smyly
Batting: RHB Chris Taylor 0-0: Fly out, F7 (Flyball, 7LM, EV 91.9 MPH)
Batting: LHB Mike Ford 0-0: Swinging Strike
0-1: Foul Ball, location: 2F
0-2: Ball
1-2: Strikes out swinging
Batting: SHB Jed Lowrie 0-0: Called Strike
0-1: Foul Ball, location: 2F
0-2: Ball
1-2: Ball
2-2: SINGLE (Line Drive, 7S, EV 98.1 MPH)
Batting: LHB Jackie Bradley Jr. 0-0: Called Strike
0-1: Foul Ball, location: 2F
0-2: Strikes out swinging
Top of the 6th over - 0 runs, 1 hit, 0 errors, 1 left on base; Washington 0 - Cincinnati 4
BOTTOM OF THE 6TH
Cincinnati Reds batting - Pitching for Washington Nationals : RHP Mitchell White
Batting: RHB Gio Urshela 0-0: Fly out, F6 (Line Drive, 6, EV 67.5 MPH)
Batting: LHB Gregory Polanco 0-0: Ball
1-0: Ball
2-0: Foul Ball, location: 2F
2-1: Called Strike
2-2: Strikes out swinging
Batting: SHB Adalberto Mondesi 0-0: Ball
1-0: Called Strike
1-1: Ball
2-1: Swinging Strike
2-2: Foul Ball, location: 2F
2-2: Ball
3-2: Strikes out looking
Bottom of the 6th over - 0 runs, 0 hits, 0 errors, 0 left on base; Washington 0 - Cincinnati 4
TOP OF THE 7TH
Washington Nationals batting - Pitching for Cincinnati Reds : LHP Drew Smyly
Batting: RHB Austin Barnes 0-0: Ball
1-0: Ball
2-0: Called Strike
2-1: Fly out, F7 (Flyball, 7LS, EV 84.4 MPH)
Batting: RHB Adeiny Hechavarria 0-0: Ground out 1-3 (Groundball, 13S, EV 67.5 MPH)
Pinch Hitting: LHB Matt Beaty 0-0: Ball
1-0: Fly out, F7 (Flyball, 7LS, EV 90.6 MPH)
Top of the 7th over - 0 runs, 0 hits, 0 errors, 0 left on base; Washington 0 - Cincinnati 4
BOTTOM OF THE 7TH
Cincinnati Reds batting - Pitching for Washington Nationals : RHP Mitchell White
Pitching: RHP Eduardo Jimenez
Batting: LHB Tony Wolters 0-0: Ball
1-0: Called Strike
1-1: Swinging Strike
1-2: DOUBLE (Line Drive, 78D, EV 98.8 MPH)
Pinch Hitting: RHB Jaylin Davis 0-0: Ball
1-0: Called Strike
1-1: Ball
2-1: Ground out 2-3 (Groundball, 2R, EV 66.3 MPH)
Tony Wolters to third
Pinch Hitting: RHB Chad Pinder 0-0: Foul Ball, location: 2F
0-1: SINGLE (Groundball, 34D, EV 101.3 MPH)
Tony Wolters scores
Batting: LHB Robinson Cano 0-0: Fly out, F2 (Popup, 5SF, EV 85.0 MPH)
Pinch Hitting: LHB Dustin Fowler 0-0: Fielders Choice at 2nd, 5-4 (Groundball, 5L, EV 85.6 MPH)
Bottom of the 7th over - 1 run, 2 hits, 0 errors, 1 left on base; Washington 0 - Cincinnati 5
TOP OF THE 8TH
Washington Nationals batting - Pitching for Cincinnati Reds : LHP Drew Smyly
Pitching: LHP Ryan Sherriff
Now at SS: Chad Pinder
Now in CF: Jaylin Davis
Pinch Hitting: LHB Corbin Carroll 0-0: Ball
1-0: Ball
2-0: Called Strike
2-1: Ground out 4-3 (Groundball, 34, EV 85.0 MPH)
Batting: LHB Andrew Benintendi 0-0: Ball
1-0: Ball
2-0: Ball
3-0: Called Strike
3-1: Swinging Strike
3-2: Strikes out looking
Pinch Hitting: SHB Vidal Brujan 0-0: Ball
1-0: Foul Ball, location: 2F
1-1: Ground out 6-3 (Groundball, 6D, EV 106.9 MPH)
Top of the 8th over - 0 runs, 0 hits, 0 errors, 0 left on base; Washington 0 - Cincinnati 5
BOTTOM OF THE 8TH
Cincinnati Reds batting - Pitching for Washington Nationals : RHP Eduardo Jimenez
Now at 2B: Vidal Brujan
Now in RF: Corbin Carroll
Batting: LHB Joey Gallo 0-0: Ball
1-0: Foul Ball, location: 2F
1-1: Foul Ball, location: 2F
1-2: Foul Ball, location: 2F
1-2: Fly out, F5 (Popup, 56, EV 71.9 MPH)
Batting: RHB Gio Urshela 0-0: Swinging Strike
0-1: Ball
1-1: Foul Ball, location: 2F
1-2: Fly out, F6 (Flyball, 56D, EV 80.6 MPH)
Batting: LHB Gregory Polanco 0-0: Ball
1-0: Ball
2-0: SINGLE (Groundball, 34D, EV 96.9 MPH)
Batting: SHB Adalberto Mondesi 0-0: 2-RUN HOME RUN (Flyball, 89XD, EV 91.3 MPH), Distance : 442 ft
Batting: LHB Tony Wolters 0-0: Ball
1-0: Ball
2-0: Ground out 3-1 (Groundball, 34, EV 90.6 MPH)
Bottom of the 8th over - 2 runs, 2 hits, 0 errors, 0 left on base; Washington 0 - Cincinnati 7
TOP OF THE 9TH
Washington Nationals batting - Pitching for Cincinnati Reds : LHP Ryan Sherriff
Pinch Hitting: RHB Tyler White 0-0: Ball
1-0: Foul Ball, location: 2F
1-1: Called Strike
1-2: Ball
2-2: Ball
3-2: Fly out, F8 (Flyball, 78XD, EV 90.0 MPH)
Pinch Hitting: RHB Daniel Robertson 0-0: Called Strike
0-1: Ball
1-1: Ball
2-1: Ball
3-1: Called Strike
3-2: Foul Ball, location: 2F
3-2: Ground out 4-3 (Groundball, 34, EV 106.9 MPH)
Batting: LHB Jackie Bradley Jr. 0-0: Called Strike
0-1: Ball
1-1: Ball
2-1: Called Strike
2-2: Foul Ball, location: 2F
2-2: Foul Ball, location: 2F
2-2: Fly out, F9 (Flyball, 9LM, EV 93.8 MPH)
Top of the 9th over - 0 runs, 0 hits, 0 errors, 0 left on base; Washington 0 - Cincinnati 7
Thursday, May 7th, 2020 - OOTP Baseball 21.3 Build 48